 Dungeon Crawl Stone Soup version 0.21-a0-437-ge5bf024 (webtiles) character file.

389 tof the Cudgeler (level 6, -1/39 HPs)
             Began as a Gargoyle Monk on Nov 9, 2017.
             Slain by a gnoll
             ... wielding a +2 spear of freezing
              (2 damage)
             ... in the Ecumenical Temple.
             The game lasted 00:08:23 (3863 turns).

tof the Cudgeler (Gargoyle Monk)                    Turns: 3863, Time: 00:08:24

Health: -1/39      AC: 18    Str: 15    XL:     6   Next: 79%
Magic:  6/6        EV:  5    Int: 10    God:
Gold:   108        SH:  0    Dex: 14    Spells: 5/5 levels left

rFire    . . .     SeeInvis .   a - +0 mace
rCold    . . .     Gourm    .   (no shield)
rNeg     + + .     Faith    .   l - +0 plate armour
rPois    ∞         Spirit   .   (no helmet)
rElec    +         Reflect  .   (no cloak)
rCorr    .         Harm     .   (no gloves)
MR       .....                  i - +2 pair of boots
Stlth    ..........             (no amulet)
HPRegen  0.13/turn              w - ring of positive energy
MPRegen  0.10/turn              (no ring)

@: no status effects
A: negative energy resistance 1, electricity resistance, unbreathing,
petrification resistance, rot immunity, AC +4
a: no special abilities


You were in the Ecumenical Temple.
You were not hungry.

You visited 2 branches of the dungeon, and saw 5 of its levels.

You collected 108 gold pieces.

Inventory:

Hand Weapons
 a - a +0 mace (weapon)
Missiles
 p - 8 tomahawks (quivered)
 s - 22 poisoned needles
Armour
 b - a +0 robe
 i - a +2 pair of boots (worn)
 l - a +0 plate armour (worn)
Jewellery
 w - a ring of positive energy (left hand)
Scrolls
 d - a scroll of magic mapping {unknown}
 e - a scroll of identify {unknown}
 g - 3 scrolls of fear {unknown}
 k - a scroll of random uselessness {unknown}
 v - 2 scrolls of amnesia {unknown}
 x - a scroll of enchant armour {unknown}
 y - a scroll of teleportation {unknown}
 B - a scroll of recharging {unknown}
 C - a scroll of immolation {unknown}
Potions
 f - 2 potions of heal wounds {unknown}
 h - 3 potions of brilliance {unknown}
 j - a potion of resistance {unknown}
 o - 3 potions of curing {unknown}
 q - a potion of ambrosia {unknown}
 u - a potion of degeneration {unknown}
 z - a potion of flight {unknown}
Books
 r - a book of Maledictions

   Spells                             Type                      Level
   a - Corona                         Hexes                        1
   b - Ensorcelled Hibernation        Hexes/Ice                    2
   c - Confuse                        Hexes                        3
   d - Tukima's Dance                 Hexes                        3
   e - Dazzling Spray                 Conjuration/Hexes            3
Comestibles
 c - 4 bread rations
 m - a royal jelly
 n - 4 fruits
 t - 2 meat rations
 A - 3 chunks of flesh


   Skills:
 + Level 4.4 Fighting
 * Level 4.9 Maces & Flails
 + Level 2.6 Armour
 + Level 3.3 Dodging
 + Level 3.9 Stealth


You had 5 spell levels left.
You didn't know any spells.

Dungeon Overview and Level Annotations

Branches:
Dungeon (4/15)             Temple (1/1) D:4

Altars:
Ashenzari
Cheibriados
Dithmenos
Elyvilon
Gozag
Kikubaaqudgha
Qazlal
Sif Muna
Trog
Vehumet
Xom
Yredelemnul
Zin
The Shining One

Annotations:
D:2 Sigmund


Innate Abilities, Weirdness & Mutations

You are resistant to torment.
Your stone body is resilient. (AC +4)
You are immune to poison.
You resist negative energy. (rN+)
You are resistant to electric shocks. (rElec)
You can survive without breathing.
You are immune to petrification.
You are immune to rotting.


Message History

* * * LOW HITPOINT WARNING * * *
You hit the gnoll but do no damage.
The gnoll is moderately wounded.
The gnoll hits you with a spear of freezing.
* * * LOW HITPOINT WARNING * * *
The gnoll freezes you.
* * * LOW HITPOINT WARNING * * *
The gnoll hits you but does no damage. x3
You barely miss the gnoll.
The gnoll is moderately wounded.
The gnoll closely misses you.
The gnoll hits you but does no damage. x3
You hit the gnoll but do no damage.
The gnoll is moderately wounded.
The gnoll hits you but does no damage. x3
You closely miss the gnoll.
The gnoll is moderately wounded.
The gnoll hits you with a spear of freezing.
* * * LOW HITPOINT WARNING * * *
The gnoll freezes you.
You die...

#.._..# ###'### #.....#
#.....###.....###..._.#
##...'#.........#'...##
#####...........#####
#.....###.....#
#######....#####....#######
##...##....#+...+#....##...##
#.....#...##..g..##...#.....#
#.._..'...##..@..##...'.._..#
#.....#...##.g)g.##...#.....#
##...##....#'...'#....##...##
#######....#####....#######
#.....###.....#
#####...........#####
##...'#.........#'...##
#.....###.....###.....#
#.._..# ###'### #.._..#


You could see 3 gnolls.

Vanquished Creatures
  An ogre (Temple)
  2 scorpions (D:4)
  A gnoll shaman (Temple)
  Jessica (D:3)
  5 gnolls
  4 adders
  An adder skeleton (D:4)
  2 worms
  3 dart slugs
  4 leopard geckos
  An orc (D:3)
  8 bats
  2 giant cockroaches
  2 gnoll zombies (D:3)
  7 goblins
  6 hobgoblins
  4 kobolds
  A quokka (D:4)
  A ball python (D:1)
  3 frilled lizards
  8 rats
67 creatures vanquished.

Notes
Turn   | Place    | Note
-------+----------+-------------------------------------------
     0 | D:1      | tof the Gargoyle Monk began the quest for the Orb.
     0 | D:1      | Reached XP level 1. HP: 14/14 MP: 1/1
   246 | D:1      | Found a shimmering altar of Xom.
   252 | D:1      | Reached XP level 2. HP: 19/19 MP: 2/2
   956 | D:2      | Reached XP level 3. HP: 21/23 MP: 3/3
  1043 | D:2      | Noticed Sigmund
  1525 | D:2      | Found a glowing golden altar of the Shining One.
  1621 | D:2      | Reached skill level 1 in Armour
  2147 | D:3      | Reached XP level 4. HP: 27/29 MP: 4/4
  2164 | D:3      | Noticed Jessica
  2179 | D:3      | Killed Jessica
  2415 | D:3      | Reached XP level 5. HP: 31/33 MP: 5/5
  2523 | D:3      | Found a white marble altar of Elyvilon.
  2697 | D:3      | Found a basalt altar of Yredelemnul.
  3003 | D:4      | Noticed an ogre
  3236 | D:4      | Reached XP level 6. HP: 10/38 MP: 6/6
  3368 | D:4      | Found a radiant altar of Vehumet.
  3494 | D:4      | Found a staircase to the Ecumenical Temple.
  3529 | Temple   | Entered the Ecumenical Temple
  3863 | Temple   | HP: 1/39 [gnoll/spear of freezing (5)]
  3863 | Temple   | Slain by a gnoll

Vault maps used:
D:1:      dpeg_arrival_boxes_within_box, xom_teletrap_fun
D:2:      tso_metal_star, minmay_cut_off, uniq_sigmund
D:3:      elyvilon_altar_4, lemuel_zombie_altar_yredelemnul, first_bread,
          uniq_jessica
D:4:      vehumet_crystals, minmay_temple_entry_hall
Temple:   nicolae_temple_figure_zero

Skill      XL: |  1  2  3  4  5 |
---------------+----------------+-----
Armour         | 1 2 |  2.6
Stealth        | 3 |  3.9
Maces & Flails | 4 |  4.9
Fighting       | 4 |  4.4
Dodging        | 3 |  3.3

Action                   |  1- 3 |  4- 6 || total
-------------------------+-------+-------++-------
Melee: Mace              |   114 |   182 ||   296
 Stab: Sleeping          |     4 |       ||     4
  Eat: Chunk             |     1 |     4 ||     5
       Bread ration      |     1 |       ||     1
Armor: Robe              |    26 |       ||    26
       Plate armour      |    45 |   199 ||   244
       Skin              |     5 |       ||     5
Dodge: Dodged            |    66 |    57 ||   123

Table legend:
 A = Spawn XP
 B = Non-spawn XP
 C = Spawn XP percentage of total XP
 D = Spawn monster count
 E = Non-spawn monster count
 F = Spawn count percentage of total count
 G = Total turns spent on level
                    A         B        C        D         E        F      G
               +---------+---------+-------+---------+---------+-------+---------
         Total |       0 |     556 |   0.0 |       0 |      67 |   0.0 |  3863
               +---------+---------+-------+---------+---------+-------+---------
           D:1 |       0 |      31 |   0.0 |       0 |      19 |   0.0 |  1370
           D:2 |       0 |      46 |   0.0 |       0 |      18 |   0.0 |   693
           D:3 |       0 |     108 |   0.0 |       0 |      18 |   0.0 |   978
           D:4 |       0 |     178 |   0.0 |       0 |       7 |   0.0 |   492
        Temple |       0 |     193 |   0.0 |       0 |       5 |   0.0 |   330
               +---------+---------+-------+---------+---------+-------+---------
